[Event "Guimaraes Open 2019"]
[Site "Guimaraes"]
[Date "2019.08.29"]
[Round "2.34"]
[White "Santos, Jose Miguel Sereno"]
[Black "Sismeiro, Miguel"]
[Result "1/2-1/2"]
[ECO "B40"]
[WhiteElo "1749"]
[BlackElo "2054"]
[Annotator "NA"]
[PlyCount "126"]
[EventDate "2019.08.28"]
[EventType "swiss"]
[EventCountry "POR"]
[SourceTitle "playchess.com"]
[Source "ChessBase"]
[SourceQuality "1"]
[TimeControl "5400+30"]

1. e4 c5 2. Nf3 e6 3. c3 Nf6 4. e5 Nd5 5. d4 cxd4 6. cxd4 d6 7. Bb5+ Bd7 8. Bxd7+ Qxd7 9. O-O Nc6 10. a3 dxe5 11. Nxe5 Qc7 12. Nxc6 Qxc6 13. Bd2 Be7 14. Nc3 Nxc3 15. Bxc3 Qd5 16. Rc1 O-O 17. Qe2 Rac8 18. Rfd1 Rfd8 19. Qe5 Bf6 20. Qxd5 Rxd5 21. Kf1 h5 22. Ke2 Rcd8 23. g3 g5 24. f3 Kh7 25. Rd2 Kg6 26. Ke3 R8d7 27. Rcd1 Bd8 28. Rd3 Bb6 29. Ke2 f5 30. Re3 Kf6 31. Re5 Bc7 32. Rxd5 Rxd5 33. Kf2 Bb6 34. Ke2 Kf7 35. Rd3 Ke8 36. Re3 Kd7 37. Re5 Rxe5+ 38. dxe5 Kc6 39. h3 Kd5 40. b3 Bd4 41. Be1 Bxe5 42. Kd3 Bd6 43. a4 e5 44. Bf2 e4+ 45. fxe4+ fxe4+ 46. Ke2 a6 47. g4 hxg4 48. hxg4 Bf4 49. Bb6 Kc6 50. Bd4 Kd5 51. Bb6 Ke5 52. Bf2 Bc1 53. Kd1 Bb2 54. Be3 Kf6 55. Ke2 Be5 56. Bb6 Ke6 57. Bd8 Kd5 58. Bxg5 Bd4 59. Be3 Bb2 60. Bb6 Bc1 61. Be3 Bb2 62. Bb6 Bc1 63. Be3 Bb2 1/2-1/2

[Event "Guimaraes Open 2019"]
[Site "Guimaraes"]
[Date "2019.08.29"]
[Round "2.35"]
[White "Nunes, Eduardo"]
[Black "Teixeira, Jose Manuel"]
[Result "1-0"]
[ECO "C44"]
[WhiteElo "1566"]
[BlackElo "1361"]
[Annotator "NA"]
[PlyCount "83"]
[EventDate "2019.08.28"]
[EventType "swiss"]
[EventCountry "POR"]
[SourceTitle "playchess.com"]
[Source "ChessBase"]
[SourceQuality "1"]
[TimeControl "5400+30"]

1. e4 e5 2. Nf3 Nc6 3. d4 d6 4. dxe5 dxe5 5. Qxd8+ Kxd8 6. a3 Bg4 7. Be3 Bxf3 8. gxf3 Nf6 9. Nc3 Bd6 10. Rg1 Nh5 11. O-O-O a6 12. Bc5 g6 13. Bxd6 cxd6 14. Rxd6+ Ke7 15. Rd3 Nf4 16. Nd5+ Kf8 17. Nxf4 exf4 18. Be2 Ne5 19. Rd5 f6 20. Rgd1 Ke7 21. b3 Rhd8 22. c4 b6 23. Kb2 g5 24. Kc3 Rac8 25. Rxd8 Rxd8 26. Rxd8 Kxd8 27. Kd4 Kd7 28. Kd5 h5 29. h3 Nc6 30. b4 Ne7+ 31. Kd4 Ke6 32. b5 a5 33. c5 Nc8 34. cxb6 Nd6 35. Kc5 Kd7 36. Kd5 Nb7 37. e5 fxe5 38. Kxe5 Nc5 39. Kf5 Ne6 40. b7 Nd4+ 41. Ke5 Nxe2 42. b8=Q 1-0

[Event "Guimaraes Open 2019"]
[Site "Guimaraes"]
[Date "2019.08.29"]
[Round "3.4"]
[White "Schou, Bjorn A"]
[Black "Lopez Diaz, Pablo"]
[Result "1-0"]
[ECO "E91"]
[WhiteElo "1257"]
[BlackElo "1340"]
[Annotator "NA RC"]
[PlyCount "65"]
[EventDate "2019.08.28"]
[EventType "swiss"]
[EventCountry "POR"]
[SourceTitle "playchess.com"]
[Source "ChessBase"]
[SourceQuality "1"]
[TimeControl "5400+30"]

1. d4 Nf6 2. c4 g6 3. Nc3 Bg7 4. Nf3 O-O 5. e4 d6 6. Be2 c5 7. d5 Nbd7 8. h3 Ne5 9. Nh2 b6 10. O-O h6 11. f4 Ned7 12. Be3 Nh7 13. Qd2 f6 14. Bg4 f5 15. Bf3 Ba6 16. exf5 gxf5 17. Be2 Ndf6 18. Bd3 Qd7 19. Qc2 e6 20. Rfe1 exd5 21. Bxf5 Qb7 22. cxd5 Rae8 23. Nf3 b5 24. Be6+ Kh8 25. Nh4 Rxe6 26. dxe6 Re8 27. Bf2 b4 28. Nd1 Qc6 29. Ne3 Rxe6 30. Ng6+ Kg8 31. Nf5 Rxe1+ 32. Rxe1 Qc7 33. Re7 1-0

[Event "Guimaraes Open 2019"]
[Site "Guimaraes"]
[Date "2019.08.29"]
[Round "3.6"]
[White "Abdurramane, Danial Germano"]
[Black "Chueca Forcen, Alberto"]
[Result "0-1"]
[ECO "D04"]
[WhiteElo "1405"]
[BlackElo "2355"]
[Annotator "ChessBase"]
[PlyCount "46"]
[EventDate "2019.08.28"]
[EventType "swiss"]
[EventCountry "POR"]
[SourceTitle "playchess.com"]
[Source "ChessBase"]
[SourceQuality "1"]
[TimeControl "5400+30"]

1. d4 d5 2. Nf3 Nf6 3. e3 c5 4. Bd3 Nc6 5. O-O e6 6. b3 Bd6 7. Bb2 Qc7 8. a3 Bd7 9. Nbd2 e5 10. dxc5 Bxc5 11. e4 d4 12. b4 Be7 13. c3 dxc3 14. Bxc3 Rd8 15. Rc1 Qb8 16. Bb5 Nd4 17. Bxd4 exd4 18. Nxd4 O-O 19. Re1 Bg4 20. f3 Rxd4 21. fxg4 Qf4 22. Re2 Nxg4 23. g3 Qg5 0-1

[Event "Guimaraes Open 2019"]
[Site "Guimaraes"]
[Date "2019.08.29"]
[Round "3.8"]
[White "Silva, Jose Lucas Ferreira"]
[Black "Nieves Cabanes, Jose Manuel"]
[Result "0-1"]
[ECO "C54"]
[WhiteElo "1261"]
[BlackElo "2311"]
[Annotator "ChessBase"]
[PlyCount "142"]
[EventDate "2019.08.28"]
[EventType "swiss"]
[EventCountry "POR"]
[SourceTitle "playchess.com"]
[Source "ChessBase"]
[SourceQuality "1"]
[TimeControl "5400+30"]

1. e4 e5 2. Nf3 Nc6 3. d4 exd4 4. Bc4 Bc5 5. c3 Nf6 6. cxd4 Bb4+ 7. Bd2 Bxd2+ 8. Nbxd2 d5 9. exd5 Nxd5 10. Qb3 Nce7 11. O-O O-O 12. Ne4 Nb6 13. Bd3 Be6 14. Qc2 h6 15. Nc5 Bd5 16. Be4 Rb8 17. Rac1 Re8 18. Rfe1 c6 19. Re2 Bxe4 20. Rxe4 Ned5 21. Rxe8+ Qxe8 22. Re1 Qd8 23. a3 Nc8 24. Qf5 Nd6 25. Qd7 Qxd7 26. Nxd7 Rd8 27. Nc5 b6 28. Nd3 f6 29. g3 Kf7 30. Kg2 g5 31. g4 h5 32. h3 h4 33. Kh2 a5 34. b3 Nb5 35. a4 Nbc7 36. Rc1 Rd6 37. Nb2 Re6 38. Re1 b5 39. Nd3 Rxe1 40. Nfxe1 Ne6 41. Nc2 Nc3 42. Nb2 Ne2 43. d5 cxd5 44. axb5 Ke7 45. Ne3 Kd6 46. Na4 N2d4 47. b6 Nf4 48. Ng2 Nxb3 49. Nxf4 gxf4 50. Kg2 Nd2 51. f3 Kc6 52. Kf2 Nc4 53. Ke2 Nxb6 54. Nxb6 Kxb6 55. Kd3 Kc5 56. Kc3 a4 57. Kb2 Kc4 58. Kc2 a3 59. Kb1 Kc3 60. Ka2 d4 61. g5 fxg5 62. Ka1 Kc2 63. Ka2 d3 64. Ka1 d2 65. Ka2 d1=Q 66. Kxa3 Qb1 67. Ka4 Kc3 68. Ka5 Kc4 69. Ka6 Kc5 70. Ka7 Kc6 71. Ka8 Qb7# 0-1

[Event "Guimaraes Open 2019"]
[Site "Guimaraes"]
[Date "2019.08.29"]
[Round "3.12"]
[White "Barrento, Jorge Maria Lopes"]
[Black "Lopez Mulet, Inigo"]
[Result "0-1"]
[ECO "A45"]
[WhiteElo "1745"]
[BlackElo "2397"]
[Annotator "RC"]
[PlyCount "90"]
[EventDate "2019.08.28"]
[EventType "swiss"]
[EventCountry "POR"]
[SourceTitle "playchess.com"]
[Source "ChessBase"]
[SourceQuality "1"]
[TimeControl "5400+30"]

1. d4 Nf6 2. f3 d5 3. e4 dxe4 4. Nc3 exf3 5. Nxf3 Bg4 6. h3 Bh5 7. g4 Bg6 8. Ne5 Nbd7 9. Nxg6 hxg6 10. Bg2 c6 11. Qd3 e6 12. Bg5 Be7 13. O-O-O Nb6 14. Rhf1 Nbd5 15. Nxd5 cxd5 16. Qb5+ Qd7 17. Qxd7+ Nxd7 18. Bxe7 Kxe7 19. Rde1 Nb6 20. Re3 g5 21. b3 Rad8 22. a4 Rd6 23. Rf5 f6 24. a5 Kd7 25. Rf2 Nc8 26. Bf1 a6 27. b4 Ne7 28. Bd3 Rc8 29. Kb2 Ke8 30. h4 gxh4 31. Rh3 Kf7 32. Rxh4 Nc6 33. c3 e5 34. Bf5 Rc7 35. dxe5 Nxe5 36. g5 fxg5 37. Bc2+ Rf6 38. Rxf6+ Kxf6 39. Rd4 Ke6 40. Bb3 Rd7 41. Rd1 g4 42. Rg1 Kf5 43. Rf1+ Nf3 44. c4 dxc4 45. Bxc4 Kf4 0-1

[Event "Guimaraes Open 2019"]
[Site "Guimaraes"]
[Date "2019.08.29"]
[Round "3.14"]
[White "Fernandes, Rui Filipe Santos"]
[Black "Lara Lopez, Sergio"]
[Result "0-1"]
[ECO "A40"]
[WhiteElo "1434"]
[BlackElo "2226"]
[Annotator "ChessBase"]
[PlyCount "54"]
[EventDate "2019.08.28"]
[EventType "swiss"]
[EventCountry "POR"]
[SourceTitle "playchess.com"]
[Source "ChessBase"]
[SourceQuality "1"]
[TimeControl "5400+30"]

1. d4 e6 2. Bf4 Nf6 3. e3 b6 4. Nf3 Bb7 5. Nbd2 Be7 6. h3 c5 7. c3 Nc6 8. Bd3 d6 9. Qc2 Rc8 10. O-O O-O 11. Bg5 h6 12. Bh4 cxd4 13. exd4 Nb4 14. Qb1 Nxd3 15. Qxd3 Nd5 16. Bg3 Qd7 17. Rfe1 Rce8 18. a4 a6 19. Nf1 f5 20. Qe2 Bf6 21. Ne3 Nxe3 22. fxe3 Re7 23. Nh4 Bxh4 24. Bxh4 g5 25. Bg3 Rg7 26. Qh5 Rf6 27. Re2 Rfg6 0-1

[Event "Guimaraes Open 2019"]
[Site "Guimaraes"]
[Date "2019.08.29"]
[Round "3.15"]
[White "Lopez Gonzalez, Alfonso"]
[Black "Bertomeu Ginestar, Antoni"]
[Result "1-0"]
[ECO "E71"]
[WhiteElo "2219"]
[BlackElo "1883"]
[Annotator "ChessBase"]
[PlyCount "77"]
[EventDate "2019.08.28"]
[EventType "swiss"]
[EventCountry "POR"]
[SourceTitle "playchess.com"]
[Source "ChessBase"]
[SourceQuality "1"]
[TimeControl "5400+30"]

1. d4 Nf6 2. c4 g6 3. Nc3 Bg7 4. e4 d6 5. h3 O-O 6. Bd3 Nc6 7. d5 Nd4 8. Nge2 e5 9. O-O Re8 10. f3 c5 11. Bg5 h6 12. Bh4 Qd7 13. Qd2 Kh7 14. Rab1 Nh5 15. g4 Nf6 16. Kg2 Ng8 17. Bg3 g5 18. Bf2 Nxe2 19. Nxe2 Ne7 20. h4 f6 21. h5 Qc7 22. b4 b6 23. Nc3 a6 24. Na4 Bd7 25. Nxb6 Qxb6 26. bxc5 Qd8 27. cxd6 Nc8 28. c5 Bf8 29. Qb4 Kh8 30. Rfc1 Kg7 31. Qa3 a5 32. Rb7 Kh8 33. Rcb1 Kg8 34. Rb8 Rxb8 35. Rxb8 Kh8 36. Be1 a4 37. Bb4 Kg8 38. Qc3 f5 39. exf5 1-0

[Event "Guimaraes Open 2019"]
[Site "Guimaraes"]
[Date "2019.08.29"]
[Round "3.16"]
[White "Nieves Cabanes, Javier"]
[Black "Santos, Jose Miguel Sereno"]
[Result "1-0"]
[ECO "A06"]
[WhiteElo "2211"]
[BlackElo "1749"]
[Annotator "ChessBase"]
[PlyCount "128"]
[EventDate "2019.08.28"]
[EventType "swiss"]
[EventCountry "POR"]
[SourceTitle "playchess.com"]
[Source "ChessBase"]
[SourceQuality "1"]
[TimeControl "5400+30"]

1. Nf3 d5 2. c4 c6 3. e3 Nf6 4. Nc3 e6 5. b3 Nbd7 6. Qc2 Bd6 7. Bb2 O-O 8. Rg1 e5 9. cxd5 cxd5 10. Nb5 Bb8 11. Ba3 Re8 12. Nd6 Re6 13. Nxc8 Rc6 14. Ne7+ Qxe7 15. Qxc6 Qxa3 16. Qc8+ Qf8 17. Rc1 Bd6 18. Qxf8+ Kxf8 19. Bb5 Ke7 20. Bxd7 Nxd7 21. d3 g6 22. Nd2 Nc5 23. Ke2 f5 24. g4 e4 25. dxe4 fxe4 26. f3 exf3+ 27. Nxf3 Ne4 28. Rgd1 Ke6 29. Rd3 Rd8 30. Nd4+ Ke5 31. Nb5 Bc5 32. Nd4 Rd7 33. h4 Ng3+ 34. Kf3 Ne4 35. Kg2 Bxd4 36. Rxd4 h5 37. gxh5 gxh5 38. Rc8 Rg7+ 39. Kf3 Rg3+ 40. Ke2 Rg2+ 41. Kf1 Rg4 42. Re8+ Kf6 43. Rxd5 Rxh4 44. Rd4 Ng3+ 45. Kg2 Rxd4 46. exd4 Nf5 47. Rb8 Nd6 48. Rh8 Ke6 49. Kf3 Nb5 50. Ke3 Nc3 51. a4 Nd5+ 52. Ke4 Nf6+ 53. Kd3 Nd5 54. Rh7 Ne7 55. Rxh5 Kd6 56. Kc4 Nc6 57. Rh7 a6 58. b4 Ne7 59. a5 Kd7 60. Kc5 Ke6 61. d5+ Nxd5 62. Rh6+ Nf6 63. Kb6 Ke7 64. Rxf6 Kxf6 1-0

[Event "Guimaraes Open 2019"]
[Site "Guimaraes"]
[Date "2019.08.29"]
[Round "3.17"]
[White "Costa, Paulo"]
[Black "Beltran Ortiz, Edda Georgina"]
[Result "1-0"]
[ECO "A04"]
[WhiteElo "2186"]
[BlackElo "1729"]
[Annotator "ChessBase"]
[PlyCount "43"]
[EventDate "2019.08.28"]
[EventType "swiss"]
[EventCountry "POR"]
[SourceTitle "playchess.com"]
[Source "ChessBase"]
[SourceQuality "1"]
[TimeControl "5400+30"]

1. Nf3 c5 2. g3 Nc6 3. Bg2 e6 4. O-O g6 5. c4 Bg7 6. Nc3 Nge7 7. d3 O-O 8. Bf4 d6 9. Qc1 a6 10. a3 Nf5 11. Rb1 Nfd4 12. Re1 Nxf3+ 13. Bxf3 Nd4 14. Bg2 Rb8 15. b4 e5 16. Bd2 b6 17. e3 Ne6 18. Nd5 Ng5 19. Rf1 Bg4 20. f3 Be6 21. h4 Bxd5 22. cxd5 1-0

[Event "Guimaraes Open 2019"]
[Site "Guimaraes"]
[Date "2019.08.29"]
[Round "3.20"]
[White "Frolov, Ilya"]
[Black "Fernandes, Joao Pedro Murtinho"]
[Result "0-1"]
[ECO "B32"]
[WhiteElo "1163"]
[BlackElo "2044"]
[Annotator "NA"]
[PlyCount "60"]
[EventDate "2019.08.28"]
[EventType "swiss"]
[EventCountry "POR"]
[SourceTitle "playchess.com"]
[Source "ChessBase"]
[SourceQuality "1"]
[TimeControl "5400+30"]

1. e4 c5 2. Nf3 Nc6 3. d4 cxd4 4. Nxd4 Qb6 5. Nxc6 bxc6 6. Nc3 e5 7. Bc4 Nf6 8. Bb3 Be7 9. Be3 Qc7 10. O-O O-O 11. Qe2 d6 12. f3 Be6 13. Qf2 d5 14. Bc5 d4 15. Bxe7 Qxe7 16. Bxe6 fxe6 17. Ne2 Nxe4 18. Qe1 Nf6 19. Nc1 Qc5 20. Kh1 Nd7 21. c3 Qd5 22. Qd2 c5 23. Ne2 Nb6 $17 (23... a5 $19 24. b3 a4) 24. cxd4 exd4 25. b3 Rac8 26. Rac1 Kh8 27. b4 Nc4 28. Qd3 Ne3 29. Rfe1 Rxf3 30. Nf4 Rxf4 0-1

[Event "Guimaraes Open 2019"]
[Site "Guimaraes"]
[Date "2019.08.29"]
[Round "3.21"]
[White "Pipiras, Filipa Fortuna"]
[Black "Dong, Fabio"]
[Result "1-0"]
[ECO "D43"]
[WhiteElo "1959"]
[BlackElo "1433"]
[Annotator "NA"]
[PlyCount "59"]
[EventDate "2019.08.28"]
[EventType "swiss"]
[EventCountry "POR"]
[SourceTitle "playchess.com"]
[Source "ChessBase"]
[SourceQuality "1"]
[TimeControl "5400+30"]

1. d4 d5 2. c4 c6 3. Nf3 Nf6 4. Nc3 e6 5. Bg5 Be7 6. e3 Nbd7 7. cxd5 exd5 8. Bd3 O-O 9. O-O Re8 10. Rb1 Nf8 11. Ne5 Ng6 12. Qc2 Be6 13. f4 Bc8 14. h3 c5 15. Qf2 cxd4 16. exd4 Nd7 17. Bxg6 {[%emt 0:17:43] h} hxg6 18. Bxe7 Rxe7 19. Nxd5 Re8 20. Nc3 $16 Nb6 21. Rbd1 Nd5 22. Nxd5 Qxd5 23. b3 Be6 24. Nc4 Rad8 25. Rfe1 b5 26. Ne3 Qb7 27. Kh2 a6 28. d5 Bxd5 29. Nxd5 Rxe1 30. Nf6+ 1-0

[Event "Guimaraes Open 2019"]
[Site "Guimaraes"]
[Date "2019.08.29"]
[Round "3.23"]
[White "Jimenez Fernandez, Rebeca"]
[Black "Tacuchian, Marcelo Oliveira"]
[Result "1-0"]
[ECO "B18"]
[WhiteElo "1928"]
[BlackElo "1381"]
[Annotator "NA RC"]
[PlyCount "125"]
[EventDate "2019.08.28"]
[EventType "swiss"]
[EventCountry "POR"]
[SourceTitle "playchess.com"]
[Source "ChessBase"]
[SourceQuality "1"]
[TimeControl "5400+30"]

1. e4 c6 2. d4 d5 3. Nc3 dxe4 4. Nxe4 Bf5 5. Ng3 Bg6 6. h4 h6 7. h5 Bh7 8. Nf3 Nf6 9. Bd3 Bxd3 10. Qxd3 e6 11. Bf4 Bd6 12. Ne5 {[%emt 0:03:25] B19: Classical Caro-Kann: 4...Bf5 main line} Qa5+ (12... Bxe5 13. Bxe5 Nbd7 14. Bf4 O-O 15. O-O-O Qa5 16. Kb1 Rfd8 17. Qf3 Qd5 18. Qxd5 cxd5 19. f3 Nb6 20. Bc7 Rdc8 21. Bxb6 axb6 {0-1 (54) Zakhartsov,V (2486)-Dreev,A (2649) Moscow 2018}) 13. c3 Qc7 $146 ({Predecessor:} 13... Qd5 14. O-O Bxe5 15. Bxe5 Nbd7 16. f4 O-O 17. c4 Qa5 18. Bd6 Rfe8 19. b4 Qa4 {1-0 (39) Maiorov,O (2449)-Popov,R (2396) Krasnodar 2001}) 14. Ne4 Nxe4 15. Qxe4 Nd7 16. O-O-O Nxe5 17. Bxe5 Bxe5 18. dxe5 Rd8 19. f4 Qa5 20. Rxd8+ Kxd8 21. a3 Kc7 22. Rd1 Qc5 23. Qd3 Qd5 24. Qg3 Qe4 25. Rd4 Qh7 26. Qe3 Qf5 27. Qd2 Re8 28. Rd7+ Kc8 29. a4 g6 30. hxg6 fxg6 31. b3 g5 32. fxg5 hxg5 33. Qd6 Qf1+ 34. Kb2 Qf2+ 35. Ka3 Qb6 36. Rg7 Qd8 (36... Rd8 $142 37. Rg8 (37. Qxe6+ Kb8 $16) 37... a5) 37. Qxd8+ $2 (37. c4 $18 {is the precise move to win.}) 37... Rxd8 38. Rxg5 a5 39. b4 b6 40. Kb3 Rd5 41. Kc2 Kd7 42. c4 Rd4 43. Kc3 Rd1 44. bxa5 bxa5 45. Rg7+ Ke8 46. Ra7 Rc1+ $2 (46... Kd8 47. Rxa5 Re1) 47. Kd4 Rd1+ 48. Kc5 Rc1 49. Rxa5 Rc2 50. Ra6 Rxg2 51. Kxc6 Rg4 52. Kd6 (52. Ra8+ $142 Ke7 53. c5 Kf7 54. a5 Ra4 55. a6 Ra3 56. a7 Kg7 57. Kd6) 52... Rxc4 53. Kxe6 Kf8 54. Ra7 Rb4 55. a5 Rb1 56. Ra8+ Kg7 57. a6 Rb6+ 58. Ke7 Rc6 59. a7 Ra6 60. e6 Ra5 61. Kd7 Rd5+ 62. Kc6 Ra5 63. e7 1-0

[Event "Guimaraes Open 2019"]
[Site "Guimaraes"]
[Date "2019.08.29"]
[Round "3.24"]
[White "Galego, Luis"]
[Black "Gama, Joao Goncalo Cerejei"]
[Result "1-0"]
[ECO "C47"]
[WhiteElo "2506"]
[BlackElo "1642"]
[Annotator "ChessBase"]
[PlyCount "107"]
[EventDate "2019.08.28"]
[EventType "swiss"]
[EventCountry "POR"]
[SourceTitle "playchess.com"]
[Source "ChessBase"]
[SourceQuality "1"]
[TimeControl "5400+30"]

1. e4 e5 2. Nf3 Nc6 3. Nc3 Nf6 4. g3 Bc5 5. Bg2 d6 6. d3 h6 7. Na4 Bb6 8. O-O O-O 9. h3 Be6 10. Nxb6 axb6 11. a3 Qd7 12. Kh2 d5 13. exd5 Nxd5 14. Re1 f6 15. d4 exd4 16. Nxd4 Nxd4 17. Qxd4 c5 18. Qd1 Rfd8 19. c4 Nc7 20. Qxd7 Rxd7 21. Bxb7 Rad8 22. b3 Bf7 23. Be3 Rd3 24. Rab1 Ne6 25. Be4 R3d7 26. Bf5 Rd6 27. Kg2 Nd4 28. Bxd4 Rxd4 29. Re7 Kf8 30. Rb7 g6 31. Bg4 f5 32. Bf3 R4d6 33. Re1 Re8 34. Rxe8+ Bxe8 35. Bd5 Bc6 36. Bxc6 Rxc6 37. Kf3 Re6 38. h4 g5 39. h5 Kg8 40. Rd7 Kf8 41. Rd5 Rf6 42. Re5 f4 43. g4 Kf7 44. Rf5 Rxf5 45. gxf5 Kf6 46. Ke4 Kf7 47. b4 cxb4 48. axb4 Kf6 49. c5 bxc5 50. bxc5 Ke7 51. c6 Kd6 52. f6 Kxc6 53. f7 Kc5 54. f8=Q+ 1-0

[Event "Guimaraes Open 2019"]
[Site "Guimaraes"]
[Date "2019.08.29"]
[Round "3.26"]
[White "Ruperez Benito, Antonio"]
[Black "Nunes, Eduardo"]
[Result "1-0"]
[ECO "C42"]
[WhiteElo "2331"]
[BlackElo "1566"]
[Annotator "ChessBase"]
[PlyCount "73"]
[EventDate "2019.08.28"]
[EventType "swiss"]
[EventCountry "POR"]
[SourceTitle "playchess.com"]
[Source "ChessBase"]
[SourceQuality "1"]
[TimeControl "5400+30"]

1. e4 e5 2. Nf3 Nf6 3. Nxe5 d6 4. Nf3 Nxe4 5. Nc3 Nxc3 6. dxc3 Be7 7. Be3 Nc6 8. Qd2 Be6 9. O-O-O Qd7 10. Kb1 O-O 11. h4 f5 12. Ng5 Kh8 13. Nxe6 Qxe6 14. g3 Ne5 15. Bf4 Rad8 16. Bg2 c6 17. Rhe1 Bf6 18. Bg5 Bxg5 19. hxg5 Rfe8 20. b3 Qg6 21. f4 Nf7 22. Bf3 d5 23. Rh1 Qe6 24. Qh2 h6 25. Bh5 g6 26. Bf3 Qe3 27. Rd3 Qc5 28. gxh6 Kh7 29. g4 fxg4 30. Bxg4 Nd6 31. f5 gxf5 32. Bh5 Rg8 33. Qe5 a6 34. Qe7+ Kh8 35. h7 Rg1+ 36. Rd1 Rxd1+ 37. Bxd1 1-0

[Event "Guimaraes Open 2019"]
[Site "Guimaraes"]
[Date "2019.08.29"]
[Round "3.29"]
[White "Garcia Moreno, Carlos"]
[Black "Pina, Tiago"]
[Result "1-0"]
[ECO "B34"]
[WhiteElo "2292"]
[BlackElo "1548"]
[Annotator "ChessBase"]
[PlyCount "53"]
[EventDate "2019.08.28"]
[EventType "swiss"]
[EventCountry "POR"]
[SourceTitle "playchess.com"]
[Source "ChessBase"]
[SourceQuality "1"]
[TimeControl "5400+30"]

1. e4 c5 2. Nf3 Nc6 3. d4 cxd4 4. Nxd4 g6 5. Nc3 Bg7 6. Nde2 d6 7. h3 Nf6 8. g4 h6 9. Bg2 a6 10. Be3 Bd7 11. O-O b5 12. b3 Rc8 13. Qd2 Qc7 14. Rfe1 Na5 15. Rac1 Be6 16. Nd5 Bxd5 17. exd5 Nd7 18. c3 Nc5 19. Nd4 h5 20. Bg5 f6 21. Bf4 Kf7 22. Qe2 Nab7 23. b4 Na4 24. Ne6 Nxc3 25. Nxc7 Nxe2+ 26. Rxe2 g5 27. Be3 1-0

[Event "Guimaraes Open 2019"]
[Site "Guimaraes"]
[Date "2019.08.29"]
[Round "3.30"]
[White "Silva, Daniel Frederico V"]
[Black "Alonso Garcia, Aaron"]
[Result "0-1"]
[ECO "B28"]
[WhiteElo "1655"]
[BlackElo "2291"]
[Annotator "ChessBase"]
[PlyCount "112"]
[EventDate "2019.08.28"]
[EventType "swiss"]
[EventCountry "POR"]
[SourceTitle "playchess.com"]
[Source "ChessBase"]
[SourceQuality "1"]
[TimeControl "5400+30"]

1. e4 c5 2. Nf3 a6 3. d4 cxd4 4. Nxd4 Nf6 5. Nc3 e5 6. Nf3 Bb4 7. Bd3 d6 8. h3 O-O 9. O-O Nbd7 10. Bd2 Qc7 11. a3 Bxc3 12. Bxc3 Nc5 13. Re1 Na4 14. Qd2 Rd8 15. Rad1 Nxc3 16. Qxc3 Qxc3 17. bxc3 Bd7 18. c4 Bc6 19. Rb1 Nd7 20. a4 a5 21. c3 Nc5 22. Bc2 Bxa4 23. Bxa4 Nxa4 24. Rxb7 Nc5 25. Rc7 Rdc8 26. Rxc8+ Rxc8 27. Nd2 Rb8 28. Rd1 Kf8 29. f3 a4 30. Rb1 Ra8 31. Kf2 a3 32. Ra1 a2 33. Ke2 Ra3 34. Nb1 axb1=Q 35. Rxb1 Ra2+ 36. Kf1 Rc2 37. Rb8+ Ke7 38. Rg8 g6 39. Rh8 h5 40. Rb8 Rxc3 41. Rb4 Kf6 42. Rb6 Ke6 43. Rb4 h4 44. Rb8 Rxc4 45. Re8+ Kf6 46. Rh8 Rc1+ 47. Ke2 Rc2+ 48. Kf1 Kg5 49. Rf8 f5 50. exf5 gxf5 51. Kg1 Nd3 52. Kf1 Kf4 53. Rh8 Ke3 54. Kg1 Rc1+ 55. Kh2 Nf2 56. g3 Kxf3 0-1

[Event "Guimaraes Open 2019"]
[Site "Guimaraes"]
[Date "2019.08.29"]
[Round "3.32"]
[White "Fidalgo, Andre Neves"]
[Black "Almeida, Jose Antonio Ferreir"]
[Result "1-0"]
[ECO "A48"]
[WhiteElo "2261"]
[BlackElo "1507"]
[Annotator "ChessBase"]
[PlyCount "97"]
[EventDate "2019.08.28"]
[EventType "swiss"]
[EventCountry "POR"]
[SourceTitle "playchess.com"]
[Source "ChessBase"]
[SourceQuality "1"]
[TimeControl "5400+30"]

1. d4 Nf6 2. Nf3 g6 3. c4 Bg7 4. g3 O-O 5. Bg2 c6 6. O-O d5 7. Ne5 Nbd7 8. Nc3 e6 9. f4 Qc7 10. b3 a6 11. a4 Qd6 12. cxd5 exd5 13. Ba3 Qe6 14. Bxf8 Kxf8 15. Qd3 Qe7 16. h3 h5 17. e4 dxe4 18. Nxe4 Nxe4 19. Qxe4 Nf6 20. Qe2 Be6 21. Rae1 Rd8 22. Nxg6+ fxg6 23. Qxe6 Qxe6 24. Rxe6 Rxd4 25. Rfe1 Rd7 26. Bf3 Kf7 27. g4 hxg4 28. hxg4 Nd5 29. Bxd5 cxd5 30. R6e2 d4 31. Rd1 Rc7 32. Rd3 Rc5 33. Kg2 Rc1 34. Kf3 Rc7 35. Re1 Rc2 36. Ke4 Rc5 37. Re2 Bf6 38. Rh2 Bg7 39. Rhh3 Kg8 40. Rh2 b5 41. axb5 Rxb5 42. Rc2 a5 43. Rc8+ Kf7 44. Rc7+ Kg8 45. Rd7 Rb4 46. Ra7 Rb5 47. Rc7 Rb4 48. Rc5 a4 49. Rc4 1-0

[Event "Guimaraes Open 2019"]
[Site "Guimaraes"]
[Date "2019.08.29"]
[Round "3.33"]
[White "Rubio Barrio, Juan Antonio"]
[Black "Garcia Dorado, Alberto"]
[Result "1/2-1/2"]
[ECO "A21"]
[WhiteElo "1603"]
[BlackElo "2205"]
[Annotator "ChessBase"]
[PlyCount "112"]
[EventDate "2019.08.28"]
[EventType "swiss"]
[EventCountry "POR"]
[SourceTitle "playchess.com"]
[Source "ChessBase"]
[SourceQuality "1"]
[TimeControl "5400+30"]

1. c4 e5 2. Nc3 Bb4 3. Nd5 Bc5 4. g3 c6 5. Nc3 Nf6 6. Bg2 O-O 7. Nf3 e4 8. Ng1 d5 9. cxd5 cxd5 10. d4 exd3 11. Qxd3 Qb6 12. e3 d4 13. Nd5 Nxd5 14. Bxd5 dxe3 15. Bxe3 Bxe3 16. fxe3 Re8 17. e4 Qxb2 18. Rb1 Qg2 19. Qf3 Qxf3 20. Nxf3 Nc6 21. O-O Re7 22. Ng5 Ne5 23. Rf2 Bg4 24. h3 Bh5 25. g4 Bg6 26. Rxb7 Rxb7 27. Bxb7 Rb8 28. Bd5 Rb1+ 29. Kh2 h6 30. Nf3 Nxf3+ 31. Rxf3 Rc1 32. Kg3 Kf8 33. Rb3 Rc7 34. Rb8+ Ke7 35. Rb7 Rxb7 36. Bxb7 f6 37. Kf4 Bf7 38. Bd5 Be6 39. Bxe6 Kxe6 40. h4 g5+ 41. hxg5 hxg5+ 42. Kf3 Kd6 43. Ke2 Ke6 44. Kd3 Kd7 45. Ke3 Kc6 46. Kd3 Kc5 47. Kc3 Kd6 48. Kd4 Ke6 49. Kd3 a6 50. a3 Kd7 51. Kd4 Kd6 52. Kd3 Ke5 53. Ke3 Ke6 54. Kd4 Kd6 55. Kd3 Ke5 56. Ke3 Ke6 1/2-1/2

[Event "Guimaraes Open 2019"]
[Site "Guimaraes"]
[Date "2019.08.29"]
[Round "3.34"]
[White "Lopez Quevedo, Eduardo"]
[Black "Palhas, Miguel Branco"]
[Result "1-0"]
[ECO "B01"]
[WhiteElo "2188"]
[BlackElo "1460"]
[Annotator "ChessBase"]
[PlyCount "63"]
[EventDate "2019.08.28"]
[EventType "swiss"]
[EventCountry "POR"]
[SourceTitle "playchess.com"]
[Source "ChessBase"]
[SourceQuality "1"]
[TimeControl "5400+30"]

1. e4 d5 2. exd5 Qxd5 3. Nc3 Qd8 4. d4 Nf6 5. Nf3 e6 6. Bd3 Be7 7. Qe2 Nc6 8. Be3 Nb4 9. Bc4 c6 10. O-O O-O 11. Ne5 Nbd5 12. Bd2 Qb6 13. Nxd5 exd5 14. Bd3 Qxd4 15. Nxc6 bxc6 16. Qxe7 Re8 17. Qc7 Qb6 18. Qg3 Ne4 19. Bxe4 Rxe4 20. Rae1 Bf5 21. Rxe4 Bxe4 22. Qe5 Bxc2 23. Bc3 f6 24. Qe6+ Kf8 25. Rc1 Be4 26. Qd6+ Kf7 27. Bb4 d4 28. Qe7+ Kg8 29. Qxe4 Qxb4 30. Qxc6 Rb8 31. Qe6+ Kf8 32. Rc7 1-0